 Dungeon Crawl Stone Soup version 0.22.1-1-ga44c0e5 (webtiles) character file.

917 HaraKiri the Cleaver (level 7, -6/57 HPs)
             Began as a Minotaur Monk on Oct 13, 2018.
             Was a Priest of Okawaru.
             Killed by divine providence
             ... invoked by an orc priest
              (9 damage)
             ... on level 6 of the Dungeon.
             The game lasted 00:18:30 (4494 turns).

HaraKiri the Cleaver (Minotaur Monk)                Turns: 4494, Time: 00:18:31

Health: -6/57      AC: 10    Str: 22    XL:     7   Next: 83%
Magic:  4/6        EV: 14    Int:  7    God:    Okawaru [***...]
Gold:   84         SH:  5    Dex: 12    Spells: 6/6 levels left

rFire    . . .     SeeInvis .   a - +1 hand axe
rCold    . . .     Gourm    .   D - +0 buckler
rNeg     . . .     Faith    .   j - +0 scale mail
rPois    .         Spirit   .   (helmet restricted)
rElec    .         Reflect  .   (no cloak)
rCorr    .         Harm     .   E - +0 pair of gloves of a Billion Dreams {Str+4} (curse)
MR       .....                  (no boots)
Stlth    ++........             (no amulet)
HPRegen  0.19/turn              (no ring)
MPRegen  0.10/turn              (no ring)

@: heroism
A: retaliatory headbutt, horns 2
a: Heroism, Renounce Religion


You were on level 6 of the Dungeon.
You worshipped Okawaru.
Okawaru was most pleased with you.
You were hungry.

You visited 1 branch of the dungeon, and saw 6 of its levels.
You also visited: Sewer.

You collected 302 gold pieces.
You spent 218 gold pieces at shops.

Inventory:

Hand Weapons
 a - a +1 hand axe (weapon)
 F - a +0 falchion of electrocution
Armour
 b - a +0 robe
 d - a +0 ring mail
 j - a +0 scale mail (worn)
 n - a +0 plate armour
 D - a +0 buckler (worn)
 E - the cursed +0 pair of gloves of a Billion Dreams (worn) {Str+4}
   (You bought it in a shop on level 4 of the Dungeon)

   It affects your strength (+4).
   It has a curse placed upon it.
Jewellery
 i - an uncursed ring of fire
 v - a +3 ring of evasion {unknown}
Scrolls
 g - a scroll of enchant weapon
 k - 9 scrolls of teleportation
 l - 2 scrolls of remove curse
 m - a scroll of amnesia {unknown}
 t - 3 scrolls of magic mapping
 w - 2 scrolls of fear {unknown}
 y - 4 scrolls of identify
 z - a scroll of immolation {unknown}
 B - a scroll of blinking {unknown}
Potions
 e - 2 potions of brilliance {unknown}
 f - a potion of agility
 o - a potion of flight {unknown}
 p - a potion of might {unknown}
 q - a potion of resistance {unknown}
 r - a potion of heal wounds {unknown}
 s - 2 potions of lignification {unknown}
 u - a potion of degeneration {unknown}
 x - 2 potions of berserk rage {unknown}
 A - a potion of magic {unknown}
 C - a potion of haste
Comestibles
 c - 6 rations
 G - a chunk of flesh


   Skills:
 - Level 3.6(8.6) Fighting
 + Level 8.1(13.1) Axes
 * Level 7.3(12.3) Armour
 - Level 3.2(8.2) Dodging
 - Level 1.5(6.5) Stealth
 * Level 2.2(7.2) Shields


You had 6 spell levels left.
You didn't know any spells.
Your spell library was empty.

Dungeon Overview and Level Annotations

Branches:
Dungeon (6/15)             Temple (0/1) D:4

Altars:
Ashenzari
Gozag
Okawaru
Uskayaw
Zin
The Shining One

Shops:
D:4 [

Annotations:
D:3 1 runed door
D:5 Menkaure


Innate Abilities, Weirdness & Mutations

You reflexively headbutt those who attack you in melee.
You have a pair of horns on your head.


Message History

You hit something. You hit the orc warrior. You hit the orc priest.
The orc priest is heavily wounded.
You miss something.
You hit the orc warrior but do no damage.
The orc warrior closely misses you. You block something's attack.
The orc priest mumbles some strange prayers to Beogh against you.
Beogh smites you!
* * * LOW HITPOINT WARNING * * *
You hit the orc priest but do no damage.
The orc priest is heavily wounded.
You barely miss the orc warrior. You hit something but do no damage.
You hit the orc priest.
The orc priest is severely wounded.
You hit the orc warrior. You hit something.
Something hits you but does no damage.
The orc warrior hits you but does no damage.
The orc priest calls down the wrath of Beogh upon you.
Beogh smites you!
You die...

#.......#
########.......#
######.......<......#
..##....#..............#
........#..............#
........#..............##
........#.......#.....P..
......o#.......#....≈≈≈≈
#...o@5......#....≈≈≈≈
#...{#.......#....≈≈##
##+#.........#....≈≈#
#.....#########....≈≈#
#..!..# #...P≈≈## #.....#
#....≈≈≈. .$....>#
#....≈≈≈. ....)...#
#....≈≈≈. ...######
#....≈≈≈.


You could see an orc warrior, an orc priest and a crimson imp.

Vanquished Creatures
  Sigmund (D:3)
  An ogre (D:5)
  3 orc wizards
  A hound (D:6)
  4 orc priests
  An iguana (D:4)
  2 worker ants (D:4)
  A hound skeleton (D:4)
  A howler monkey zombie (D:4)
  Robin (D:2)
  4 river rats (D:4)
  8 adders
  4 gnolls (D:4)
  An ooze (D:2)
  An adder zombie (D:5)
  2 dart slugs
  5 worms
  4 leopard geckos
  22 orcs
  8 giant cockroaches
  12 goblins
  9 hobgoblins
  18 jackals
  2 quokkas
  6 ball pythons
  5 bats
  12 frilled lizards
  A giant cockroach zombie (D:5)
  A jackal zombie (D:5)
  9 kobolds
  A quokka skeleton (D:5)
  A quokka zombie (D:5)
  10 rats
  3 plants (Sewer)
165 creatures vanquished.

Notes
Turn   | Place    | Note
-------+----------+-------------------------------------------
     0 | D:1      | HaraKiri the Minotaur Monk began the quest for the Orb.
     0 | D:1      | Reached XP level 1. HP: 19/19 MP: 0/0
   154 | D:1      | Reached skill level 1 in Armour
   179 | D:1      | Reached skill level 4 in Axes
   179 | D:1      | Reached XP level 2. HP: 24/26 MP: 1/1
   670 | D:2      | Found a hide-covered altar of Uskayaw.
   670 | D:2      | Found an iron altar of Okawaru.
   674 | D:2      | Reached XP level 3. HP: 24/31 MP: 2/2
   725 | D:2      | Became a worshipper of Warmaster Okawaru
   725 | D:2      | Reached * piety under Okawaru
   725 | D:2      | Reached ** piety under Okawaru
  1135 | D:2      | Noticed Robin
  1156 | D:2      | Reached XP level 4. HP: 28/39 MP: 3/3
  1187 | D:2      | Killed Robin
  1187 | D:2      | Reached skill level 5 in Axes
  1391 | D:2      | Found a glowing golden altar of the Shining One.
  1862 | D:3      | Reached XP level 5. HP: 41/45 MP: 4/4
  1904 | D:3      | Found a runed door.
  1904 | D:3      | Noticed an angel
  1905 | D:3      | Found a glowing golden altar of the Shining One.
  1909 | D:3      | Noticed Sigmund
  1928 | D:3      | Killed Sigmund
  1928 | D:3      | Reached skill level 6 in Axes
  1928 | D:3      | Reached skill level 5 in Armour
  1928 | D:3      | Reached XP level 6. HP: 27/51 MP: 5/5
  2342 | D:3      | You fall through a shaft!
  2345 | D:4      | Found a glowing silver altar of Zin.
  2346 | D:4      | Found an opulent altar of Gozag.
  2395 | D:4      | Reached *** piety under Okawaru
  2397 | D:4      | Reached skill level 7 in Axes
  2578 | D:4      | Found Iroothet's Antique Armour Boutique.
  2607 | D:4      | Found a staircase to the Ecumenical Temple.
  2615 | D:4      | Reached XP level 7. HP: 43/57 MP: 6/6
  2659 | D:4      | Found a glowing drain.
  2672 | Sewer    | Entered a sewer
  3764 | D:4      | Bought a pair of scorched gloves for 218 gold pieces
  3769 | D:4      | Identified the cursed +0 pair of gloves of a Billion Dreams
                  | {Str+4} (You bought it in a shop on level 4 of the Dungeon)
  3840 | D:4      | Found a shattered altar of Ashenzari.
  3844 | D:4      | Saw a vision of the Shoals and the Snake Pit.
  3844 | D:4      | Noticed a mana viper
  3844 | D:4      | Noticed a naga sharpshooter
  3844 | D:4      | Noticed a naga ritualist
  3844 | D:4      | Noticed a merfolk
  3844 | D:4      | Noticed a sea snake
  3845 | D:4      | Noticed a naga mage
  3846 | D:4      | Noticed a merfolk
  3982 | D:5      | Entered Level 5 of the Dungeon
  4144 | D:5      | Reached skill level 8 in Axes
  4144 | D:5      | Reached skill level 1 in Shields
  4225 | D:5      | Noticed Menkaure
  4494 | D:6      | Killed from afar by an orc priest

Skill      XL: |  1  2  3  4  5  6  7 |
---------------+----------------------+-----
Armour         | 1 2 3 4 5 6 7 |  7.3
Axes           | 4 5 6 7 8 |  8.1
Shields        | 2 |  2.2
Fighting       | |  3.6
Dodging        | |  3.2
Stealth        | |  1.5

Action                   |  1- 3 |  4- 6 |  7- 9 || total
-------------------------+-------+-------+-------++-------
Melee: Hand axe          |    89 |   131 |   269 ||   489
       Headbutt          |    16 |    27 |    62 ||   105
Invok: Heroism           |       |     1 |     2 ||     3
  Use: Scroll            |       |     5 |       ||     5
       Potion            |       |       |     3 ||     3
 Stab: Sleeping          |     3 |     2 |       ||     5
  Eat: Chunk             |     1 |     5 |     6 ||    12
Armor: Robe              |     8 |     1 |       ||     9
       Ring mail         |       |     6 |       ||     6
       Animal skin       |       |     3 |       ||     3
       Scale mail        |       |    20 |    60 ||    80
Dodge: Dodged            |    47 |    75 |   109 ||   231
Block: Buckler           |       |       |    13 ||    13
